 Dungeon Crawl Stone Soup version 0.25.0-33-gff14898 (webtiles) character file.

Game seed: 13711729176439581889

5956 Balder the Cleaver (level 10, -1/86 HPs)
             Began as a Minotaur Fighter on July 7, 2020.
             Was a Priest of Dithmenos.
             Slain by Gastronok (16 damage)
             ... on level 9 of the Dungeon.
             The game lasted 00:39:47 (9912 turns).

Balder the Cleaver (Minotaur Fighter)               Turns: 9912, Time: 00:39:49

Health: -1/86      AC: 12    Str: 21    XL:     10   Next: 54%
Magic:  8/12       EV:  9    Int:  5    God:    Dithmenos [***...]
Gold:   515        SH: 13    Dex: 13    Spells: 9/9 levels left

rFire    . . .     SeeInvis +   a - +1 war axe
rCold    . . .     Gourm    .   H - +2 kite shield
rNeg     . . .     Faith    .   s - +0 chain mail
rPois    .         Spirit   .   (helmet restricted)
rElec    .         Reflect  .   y - +0 cloak
rCorr    .         Harm     .   (no gloves)
MR       .....                  (no boots)
Stlth    ..........             (no amulet)
HPRegen  0.24/turn              p - ring of see invisible (curse)
MPRegen  0.13/turn              (no ring)

@: hasted, wreathed by umbra, very quick
A: retaliatory headbutt, horns 2
a: Shadow Step, Renounce Religion


You were on level 9 of the Dungeon.
You worshipped Dithmenos.
Dithmenos was most pleased with you.
You were not hungry.

You visited 1 branch of the dungeon, and saw 9 of its levels.

You collected 515 gold pieces.

Inventory:

Hand Weapons
 a - a +1 war axe (weapon)
 c - a +2 vorpal morningstar
 q - a +0 whip of electrocution
 C - a +0 flail of venom
Missiles
 t - 4 boomerangs (quivered)
 u - 39 poisoned darts
Armour
 s - a +0 chain mail (worn)
 y - a +0 cloak (worn)
 E - +0 acid dragon scales
 H - a +2 kite shield (worn)
Jewellery
 p - a cursed ring of see invisible (left hand)
Wands
 d - a wand of digging (4)
 w - a wand of enslavement (10)
 D - a wand of iceblast (13)
 F - a wand of polymorph (11)
 I - a wand of flame (11)
Scrolls
 e - 2 scrolls of amnesia {unknown}
 g - a scroll of magic mapping {unknown}
 i - 3 scrolls of identify
 j - a scroll of fog {unknown}
 k - a scroll of teleportation
 n - 3 scrolls of enchant armour
 o - a scroll of fear {unknown}
 B - 2 scrolls of random uselessness {unknown}
 G - 2 scrolls of remove curse
Potions
 b - a potion of berserk rage {unknown}
 h - 2 potions of ambrosia
 l - 2 potions of magic {unknown}
 m - 4 potions of lignification
 r - 2 potions of flight
 x - 6 potions of curing
 z - a potion of heal wounds {unknown}
 A - 2 potions of mutation {unknown}
 J - 5 potions of brilliance {unknown}
 L - 2 potions of haste
Comestibles
 f - 16 rations
 v - a chunk of flesh


   Skills:
 * Level 7.5 Fighting
 * Level 11.2 Axes
 * Level 4.6 Throwing
 * Level 8.1 Armour
 * Level 5.1 Dodging
 + Level 0.4 Stealth
 * Level 7.9 Shields
 * Level 4.0 Invocations


You had 9 spell levels left.
You didn't know any spells.
Your spell library contained the following spells:

 Spells                   Type           Power        Failure   Level  Hunger
 Summon Small Mammal      Summ           #...         100%        1    ##.....
 Call Imp                 Summ           #.......     100%        2    ###....
 Call Canine Familiar     Summ           #.......     100%        3    ####...
 Summon Guardian Golem    Hex/Summ       #.......     100%        3    ####...
 Summon Ice Beast         Ice/Summ       #.......     100%        4    #####..
 Summon Lightning Spire   Summ/Air       #.......     100%        4    #####..


Dungeon Overview and Level Annotations

Branches:
Dungeon (9/15)             Temple (0/1) D:4            Lair (0/6) D:9
    Orc: D:9-12

Altars:
Cheibriados
Dithmenos
Elyvilon
Kikubaaqudgha
Nemelex Xobeh
Okawaru
Qazlal
Ru
Trog
Wu Jian
Yredelemnul
Zin

Shops:
D:5 :

Annotations:
D:5 1 runed translucent door, Nolbo's ghost, novice GnAK
D:8 3 runed translucent doors, Sabo's ghost, novice DsBe
D:9 Gastronok


Innate Abilities, Weirdness & Mutations

You reflexively headbutt those who attack you in melee.
You have a pair of horns on your head.


Message History

You are struck by the porcupine's spines.
* * * LOW HITPOINT WARNING * * *
You slash the porcupine!
You kill the porcupine!
Dithmenos accepts your kill. Gastronok closely misses you.
You furiously retaliate!
You headbutt Gastronok! You block the yak's attack.
You slash Gastronok! You headbutt Gastronok!
Gastronok is moderately wounded.
You slash the crocodile! You barely miss the yak. You slash the fungus!
The crocodile bites you!
* * * LOW HITPOINT WARNING * * *
You slash the crocodile!
You kill the crocodile!
Dithmenos accepts your kill.
You hit Gastronok. You hit the fungus but do no damage.
You barely miss the yak. You block the yak's attack.
The bullfrog barely misses you. You furiously retaliate!
You headbutt the bullfrog. Gastronok bites you!
You die...

#....P..P..P.
.$.PPPP...P>
#...PPPP.P..
#.P..P..P.PP
#....P.PPPP.
#......PPP..
#..Y.P.PP..P
#.rF@.P.P.PP
#.†w...P....
#.†####...PP
#..####.....
#........###
#........#
#..####..#
#..# .# #..#


You could see Gastronok, a yak, a bullfrog and a porcupine.

Vanquished Creatures
  Pikel (D:4)
  Maggie (D:8)
  Prince Ribbit (D:5)
  A hornet (D:8)
  A hippogriff (D:9)
  Eustachio (D:5)
  A wyvern (D:8)
  2 steam dragons
  2 soldier ants (D:8)
  Duvessa (D:7)
  An orc warrior (D:9)
  A porcupine (D:9)
  2 slaves (D:4)
  2 phantoms (D:5)
  5 black bears
  An ice beast (D:6)
  4 sky beasts
  3 ogres
  A crocodile (D:9)
  3 bullfrogs
  A gnoll sergeant (D:8)
  A water moccasin zombie (D:5)
  Dowan (D:7)
  3 scorpions
  A howler monkey (D:6)
  3 wights (D:9)
  A crimson imp (D:8)
  A bullfrog zombie (D:9)
  2 centaur zombies
  3 jellies
  6 hounds
  5 orc priests
  An iron imp (D:5)
  8 orc wizards
  4 iguanas
  2 bullfrog skeletons
  9 worker ants
  A killer bee zombie (D:8)
  A hound skeleton (D:8)
  A worker ant zombie (D:6)
  A howler monkey skeleton (D:8)
  3 gnolls (D:8)
  10 adders
  4 shadow imps
  2 oozes
  An adder zombie (D:5)
  An adder skeleton (D:8)
  2 worms (D:3)
  3 dart slugs
  5 leopard geckos
  38 orcs
  3 ball pythons
  3 giant cockroaches
  17 goblins
  12 hobgoblins
  14 jackals
  4 quokkas
  A ball python skeleton (D:6)
  8 bats
  4 frilled lizards
  14 kobolds
  A leopard gecko skeleton (D:7)
  11 rats
252 creatures vanquished.

Vanquished Creatures (others)
  A crocodile (D:9)
  An ooze (D:4)
  A jackal (D:4)
3 creatures vanquished.

Grand Total: 255 creatures vanquished

Notes
Turn   | Place    | Note
-------+----------+-------------------------------------------
     0 | D:1      | Balder the Minotaur Fighter began the quest for the Orb.
     0 | D:1      | Reached XP level 1. HP: 19/19 MP: 0/0
   111 | D:1      | Reached XP level 2. HP: 25/27 MP: 1/1
   364 | D:1      | Reached XP level 3. HP: 33/33 MP: 2/2
   420 | D:1      | Reached skill level 3 in Axes
  1034 | D:2      | Reached skill level 1 in Dodging
  1169 | D:2      | Found a faded altar of an unknown god.
  1271 | D:2      | Reached skill level 1 in Throwing
  1276 | D:2      | Reached XP level 4. HP: 34/40 MP: 3/3
  1931 | D:3      | Found a sparkling altar of Nemelex Xobeh.
  1931 | D:3      | Found a shadowy altar of Dithmenos.
  1937 | D:3      | Became a worshipper of Dithmenos the Shadowed
  2366 | D:3      | Reached * piety under Dithmenos
  2373 | D:3      | Reached XP level 5. HP: 36/46 MP: 4/4
  3085 | D:4      | Found a staircase to the Ecumenical Temple.
  3368 | D:4      | Reached skill level 4 in Axes
  3392 | D:4      | Noticed a slave
  3392 | D:4      | Noticed a slave
  3396 | D:4      | Noticed a slave
  3412 | D:4      | Killed a slave
  3416 | D:4      | Reached XP level 6. HP: 36/55 MP: 5/5
  3421 | D:4      | Killed a slave
  3467 | D:4      | Noticed Pikel
  3586 | D:4      | Noticed a slave
  3594 | D:4      | Killed Pikel
  3594 | D:4      | Reached skill level 5 in Fighting
  3594 | D:4      | Reached skill level 5 in Axes
  3594 | D:4      | Reached skill level 5 in Armour
  3594 | D:4      | Reached skill level 1 in Invocations
  3594 | D:4      | Reached XP level 7. HP: 37/61 MP: 5/7
  4262 | D:4      | Found an ancient bone altar of Kikubaaqudgha.
  4324 | D:4      | Found a white marble altar of Elyvilon.
  4431 | D:5      | Entered Level 5 of the Dungeon
  4445 | D:4      | Reached skill level 6 in Axes
  4637 | D:5      | Noticed Prince Ribbit
  4650 | D:5      | Reached skill level 5 in Shields
  4658 | D:5      | Killed Prince Ribbit
  4658 | D:5      | Reached XP level 8. HP: 56/69 MP: 8/8
  4878 | D:5      | Noticed Eustachio
  4881 | D:5      | Found Adowob's Book Shoppe.
  4920 | D:5      | Killed Eustachio
  5005 | D:5      | Reached skill level 7 in Axes
  5040 | D:5      | Found a snail-covered altar of Cheibriados.
  5199 | D:5      | Found a runed translucent door.
  5199 | D:5      | Noticed Nolbo's ghost (novice GnAK)
  5711 | D:6      | Found a basalt altar of Yredelemnul.
  5725 | D:6      | Found a stormy altar of Qazlal.
  5725 | D:6      | Found a glowing silver altar of Zin.
  5728 | D:6      | Found a bloodstained altar of Trog.
  6084 | D:6      | Reached skill level 8 in Axes
  6084 | D:6      | Reached XP level 9. HP: 75/75 MP: 10/10
  6420 | D:6      | Reached ** piety under Dithmenos
  6781 | D:7      | Noticed Duvessa
  6782 | D:7      | Noticed Dowan
  6790 | D:7      | Killed Duvessa
  6795 | D:7      | Reached skill level 9 in Axes
  6801 | D:7      | Killed Dowan
  7097 | D:7      | Noticed a moth of wrath
  7100 | D:7      | Found a bloodstained altar of Trog.
  7604 | D:8      | Noticed Maggie
  7613 | D:8      | Killed Maggie
  7871 | D:8      | Found an iron altar of Okawaru.
  7894 | D:8      | Found an ornate altar of the Wu Jian Council.
  8092 | D:8      | Found a runed translucent gate.
  8092 | D:8      | Found a runed translucent gate.
  8092 | D:8      | Found a runed translucent gate.
  8092 | D:8      | Noticed Sabo's ghost (novice DsBe)
  8092 | D:8      | Noticed a kobold demonologist
  8171 | D:8      | Reached skill level 10 in Axes
  8248 | D:8      | Reached *** piety under Dithmenos
  8288 | D:8      | Reached XP level 10. HP: 48/84 MP: 11/11
  9395 | D:9      | Reached skill level 5 in Dodging
  9615 | D:9      | Reached skill level 11 in Axes
  9702 | D:9      | Reached **** piety under Dithmenos
  9807 | D:9      | Found a sacrificial altar of Ru.
  9892 | D:9      | Noticed Gastronok
  9905 | D:9      | Found a staircase to the Lair.
  9912 | D:9      | Slain by Gastronok

Illustrated notes

Levels and vault maps discovered:
D:1:      elethiomel_arrival_infinity_welcomes_careful_drivers, layout_rooms,
          minmay_bisected
D:2:      layout_basic, chequers_ecumenical_altar_twisty
D:3:      layout_basic, gammafunk_temple_overflow_statue, serial_forest,
          infiniplex_forest_clump_long, infiniplex_forest_end_double,
          infiniplex_forest_clump_curved, infiniplex_forest_end_3,
          infiniplex_forest_corner_1, infiniplex_forest_corner_1, first_ration,
          grunt_decor_cap, guppyfry_early_orc_mine
D:4:      layout_basic, elyvilon_altar_3, lemuel_round_altar,
          minmay_temple_entry_enclosed_plants, uniq_pikel
D:5:      layout_layer_cave, slow_altar_1, hellmonk_ghost_happy_afterlife,
          serial_shops, nicolae_shop_waterfront, minmay_misc_feat_more_columns,
          uniq_eustachio, uniq_prince_ribbit1
D:6:      layout_gridville, chequers_temple_overflow_statue_of_worship
D:7:      lemuel_upstairs_altar, layout_rooms, tgw_trog, uniq_duvessa
D:8:      layout_loops_corners, kennysheep_okawaru_gauntlet, lemuel_round_altar,
          gammafunk_ghost_nasty_kobolds, hangedman_pestilent_swarm, uniq_maggie
D:9:      layout_small_grid, due_lair_maze_entry_diamond, special_room
          [special_room_orc], nicolae_ru_path_of_blood, uniq_gastronok

Skill      XL: |  1  2  3  4  5  6  7  8  9 10 |
---------------+-------------------------------+-----
Armour         | 4 5 6 7 8 |  8.1
Shields        | 4 5 6 7 |  7.9
Fighting       | 4 5 6 7 |  7.5
Axes           | 3 4 5 6 8 10 11 | 11.2
Dodging        | 1 2 3 4 5 |  5.1
Throwing       | 1 2 3 4 |  4.6
Invocations    | 1 2 3 4 |  4.0
Stealth        | |  0.4

Action                   |  1- 3 |  4- 6 |  7- 9 | 10-12 || total
-------------------------+-------+-------+-------+-------++-------
Melee: War axe           |    97 |   130 |   304 |   123 ||   654
       Headbutt          |    14 |    22 |    62 |    27 ||   125
Throw: Boomerang         |       |     4 |    46 |    26 ||    76
Invok: Shadow Step       |       |       |       |     1 ||     1
Evoke: Wand              |       |       |       |     2 ||     2
  Use: Scroll            |       |     2 |    11 |       ||    13
       Potion            |       |       |     1 |     2 ||     3
  Eat: Chunk             |     1 |     7 |     9 |     2 ||    19
       Ration            |       |       |     2 |     1 ||     3
Armor: Scale mail        |    45 |    51 |    69 |       ||   165
       Chain mail        |       |       |    18 |    50 ||    68
Dodge: Dodged            |    27 |    50 |    91 |    42 ||   210
Block: Kite shield       |    45 |    63 |   151 |    90 ||   349
